AoeStats
← eloycorsob

Black Forest

509453278Analyzed
4v4 RM · 7d ago on Sep 26, 2026· 53m 13s· 8 players
Game mode
Random Map
Map size
Large (8 player)
Population
200
Speed
Normal
Resources
Standard
Victory
Conquest
Starting age
Dark Age
Ending age
Imperial Age
RankedLock teamsTeams togetherTeam positionsShared explorationLock speedFull tech treeHidden civsTurbo modeCheats
Victory
Defeat
🇹🇷 Teutons · Türkiye
658
+14
🇨🇦 Spanish · Canada
638
+15
🇪🇸 Persians · Spain
603
+17
🇲🇽 Celts · Mexico
565
+18
🇧🇷 Persians · Brazil
731
-21
🇷🇸 Huns · Serbia
701
-19
🇦🇷 Franks · Argentina
538
-13
🇲🇽 Bohemians · Mexico
501
-11
vajamian
13:07 Feudal Age
13:35 Horse Collar
13:44 Double-Bit Axe
14:39 Wheelbarrow
14:01 Loom
14:54 Wheelbarrow
21:35 Castle Age
21:51 Stone Mining
21:54 Gold Mining
22:21 Heavy Plow
22:40 Bow Saw
23:07 Caravan
25:04 Hand Cart
25:18 Fervor
29:28 Fortified Wall
29:29 Masonry
30:00 Pikeman
30:41 Squires
32:23 Scale Barding Armor
32:09 Fletching
32:19 Padded Archer Armor
32:30 Forging
32:26 Scale Mail Armor
35:18 Bloodlines
38:21 Husbandry
39:27 Iron Casting
39:07 Chain Mail Armor
39:09 Leather Archer Armor
38:56 Bodkin Arrow
39:22 Chain Barding Armor
43:53 Imperial Age
45:43 Chemistry
45:15 Architecture
45:25 Conscription
44:30 Cavalier
46:43 Ring Archer Armor
46:45 Plate Mail Armor
47:38 Two-Man Saw
47:05 Bracer
48:06 Blast Furnace
47:46 Plate Barding Armor
49:07 Blast Furnace
48:37 Elite Conquistador
luisxd665
2:33 Loom
17:12 Feudal Age
20:47 Horse Collar
20:56 Double-Bit Axe
23:57 Gold Mining
24:00 Stone Mining
26:58 Castle Age
25:39 Man-at-Arms
29:25 Pikeman
31:03 Bow Saw
31:15 Heavy Plow
36:09 Imperial Age
34:19 Wheelbarrow
34:38 Forging
34:29 Scale Mail Armor
34:35 Scale Barding Armor
34:31 Padded Archer Armor
34:22 Fletching
36:22 Hand Cart
36:01 Town Watch
39:54 Caravan
40:25 Coinage
40:05 Guilds
39:38 Halberdier
39:39 Long Swordsman
40:05 Gambesons
39:53 Heavy Scorpion
41:32 Gold Shaft Mining
41:35 Stone Shaft Mining
43:22 Iron Casting
43:03 Chain Mail Armor
43:09 Chain Barding Armor
43:05 Leather Archer Armor
43:31 Conscription
44:22 Chemistry
43:34 Masonry
42:50 Two-Handed Swordsman
47:08 Blast Furnace
46:09 Heated Shot
46:40 Ballistics
46:53 Banking
eloycorsob
1:41 Loom
12:02 Feudal Age
17:14 Wheelbarrow
17:18 Double-Bit Axe
22:56 Castle Age
21:00 Horse Collar
21:58 Scale Barding Armor
23:40 Bow Saw
23:33 Heavy Plow
25:38 Caravan
26:20 Husbandry
28:59 Hand Cart
30:40 Stone Mining
30:41 Gold Mining
35:18 Imperial Age
33:25 Kamandaran
33:02 Crossbowman
34:14 Ballistics
36:35 Chemistry
36:00 Thumb Ring
36:26 Bloodlines
35:37 Cavalier
39:30 Two-Man Saw
40:08 Masonry
42:11 Elite War Elephant
44:45 Chain Barding Armor
44:26 Padded Archer Armor
44:27 Scale Mail Armor
44:38 Forging
44:18 Fletching
47:27 Savar
51:19 Citadels
I MISS HER
2:53 Loom
16:10 Feudal Age
16:38 Double-Bit Axe
21:53 Castle Age
20:28 Stone Mining
20:30 Gold Mining
20:20 Horse Collar
24:14 Bow Saw
23:44 Pikeman
24:28 Squires
25:48 Bloodlines
25:28 Gambesons
27:20 Wheelbarrow
36:17 Imperial Age
34:47 Scale Mail Armor
37:23 Chain Mail Armor
37:19 Forging
38:17 Hand Cart
38:33 Forging
38:21 Halberdier
39:39 Heavy Plow
42:12 Chemistry
41:06 Elite Teutonic Knight
44:09 Two-Man Saw
44:24 Plate Mail Armor
44:30 Iron Casting
43:41 Cavalier
45:44 Crop Rotation
46:25 Conscription
47:26 Caravan
49:49 Blast Furnace
48:55 Scale Barding Armor
53:10 Chain Barding Armor
Sir Rubo
0:48 Loom
16:26 Feudal Age
23:29 Castle Age
23:49 Double-Bit Axe
26:31 Horse Collar
27:04 Bow Saw
32:21 Imperial Age
32:20 Heavy Plow
33:00 Caravan
33:27 Conscription
32:30 Elite Hussite Wagon
33:58 Onager
36:39 Wagenburg Tactics
36:44 Siege Engineers
37:41 Chemistry
37:01 Ballistics
36:52 Fortified Wall
38:07 Wheelbarrow
38:28 Fletching
38:39 Padded Archer Armor
40:01 Hand Cart
41:10 Houfnice
50:52 Hussite Reforms
52:01 Fervor
52:25 Illumination
52:39 Theocracy
Душан Силни
0:35 Loom
13:51 Feudal Age
16:39 Double-Bit Axe
16:40 Horse Collar
22:00 Gold Mining
22:01 Stone Mining
24:20 Forging
24:11 Scale Mail Armor
24:17 Scale Barding Armor
24:12 Padded Archer Armor
26:18 Castle Age
29:14 Bow Saw
29:10 Heavy Plow
30:37 Wheelbarrow
29:48 Town Watch
31:44 Caravan
32:15 Coinage
37:11 Imperial Age
35:15 Hand Cart
35:22 Town Patrol
36:05 Iron Casting
35:47 Chain Mail Armor
36:34 Masonry
36:20 Murder Holes
38:36 Gold Shaft Mining
38:29 Chain Barding Armor
38:26 Leather Archer Armor
41:51 Two-Man Saw
40:50 Cavalier
41:53 Husbandry
42:03 Bloodlines
41:14 Light Cavalry
43:13 Plate Barding Armor
43:07 Conscription
43:04 Paladin
45:22 Blast Furnace
44:36 Guilds
44:57 Banking
45:46 Sappers
46:17 Marauders
52:52 Chemistry
Leandro
6:56 Loom
13:27 Feudal Age
14:06 Double-Bit Axe
14:05 Horse Collar
14:19 Gold Mining
14:44 Stone Mining
20:11 Castle Age
21:15 Bow Saw
21:19 Caravan
23:08 Heavy Plow
29:11 Stone Shaft Mining
33:40 Gold Shaft Mining
45:29 Imperial Age
45:08 Ballistics
44:39 Heated Shot
46:23 Kamandaran
46:34 Citadels
45:55 Sappers
46:47 Conscription
50:02 Chemistry
49:41 Heavy Scorpion
51:03 Squires
51:57 Elite War Elephant
Exter
0:42 Loom
13:42 Feudal Age
14:34 Double-Bit Axe
15:17 Gold Mining
16:01 Stone Mining
25:23 Castle Age
27:27 Squires
26:50 Pikeman
29:52 Wheelbarrow
29:06 Town Watch
30:05 Bow Saw
30:33 Gold Shaft Mining
33:48 Imperial Age
32:19 Fortified Wall
31:51 Treadmill Crane
32:08 Murder Holes
33:09 Scale Barding Armor
33:07 Padded Archer Armor
32:58 Fletching
35:30 Hand Cart
35:39 Chain Barding Armor
38:02 Bodkin Arrow
38:08 Padded Archer Armor
38:45 Plate Barding Armor
38:48 Sanctity
39:26 Conscription
39:52 Leather Archer Armor
39:56 Cranequins
42:19 Caravan
42:14 Elite Skirmisher
42:17 Heavy Mounted Crossbowman
43:13 Forging
43:04 Scale Mail Armor
45:17 Town Patrol
46:20 Ballistics
47:02 Chemistry
46:07 Siege Engineers
46:42 Hoardings
45:37 Ordonnance Companies
48:18 Iron Casting
47:59 Chain Mail Armor
47:40 Capped Ram
Connection lost

Rejoining the realm…

Still unreachable

The connection could not be restored.

Session expired

The server has moved on; the page needs a fresh start.